 Dungeon Crawl Stone Soup version 0.29-a0-555-g3b24f45cc1 (webtiles) character file.

Game seed: 5192479653108074272

1095 mandarbmax the Charlatan (level 8, -3/66 HPs)
             Began as a Meteoran Cinder Acolyte on June 8, 2022.
             Was an Elder of Ignis.
             Slain by a small abomination (15 damage)
             ... on level 5 of the Dungeon.
             The game lasted 00:18:44 (1958 turns).

mandarbmax the Charlatan (Meteoran Cinder Acolyte)  Turns: 1958, Time: 00:18:44

Health: -3/66      AC: 16    Str: 18    XL:     8   Next: 87%
Magic:  5/12       EV: 12    Int: 16    God:    Ignis [****..]
Gold:   133        SH:  0    Dex:  9    Spells: 5/11 levels left

rFire   + . .      SeeInvis .   o - +1 whip (venom)
rCold   . . .      Faith    .   (no shield)
rNeg    + . .      Spirit   .   h - +0 leather armour "Taepikeps" {+Blink rN+}
rPois   .          Reflect  .   t - +2 helmet
rElec   .          Harm     .   (no cloak)
rCorr   .          Rampage  .   (no gloves)
Will    +....                   b - +2 pair of boots
Stlth   +.........              p - amulet of the acrobat
HPRegen 0.21/turn               (no ring)
MPRegen 0.13/turn               (no ring)

@: on berserk cooldown, attractive, fiery-armoured, glowing
A: sense surroundings 1, otherworldly, glowing, explore regen
a: Renounce Religion, Evoke Blink, Fiery Armour, Foxfire Swarm


You were on level 5 of the Dungeon.
You worshipped Ignis.
Ignis was greatly pleased with you.
You visited 1 branch of the dungeon, and saw 5 of its levels.

You collected 232 gold pieces.
You spent 99 gold pieces at shops.

Inventory:

Hand Weapons
 a - a -1 mace of flaming
 o - a +1 whip of venom (weapon)
 w - the +4 dagger "Morg" {pain, Will+ Int+5}
   (You found it on level 5 of the Dungeon)

   In the hands of one skilled in necromantic magic, it inflicts extra damage on
   living creatures.
   Int:       It affects your intelligence (+5).
   Will:      It increases your willpower.
Missiles
 c - 2 poisoned darts
Armour
 b - a +2 pair of boots (worn)
 h - the +0 leather armour "Taepikeps" (worn) {+Blink rN+}
   (You found it on level 2 of the Dungeon)

   rN:        It protects you from negative energy.
   +Blink:    It lets you blink.
 t - a +2 helmet (worn)
Jewellery
 p - an amulet of the acrobat (around neck)
Wands
 q - a wand of polymorph (2)
Scrolls
 d - a scroll of magic mapping
 f - a scroll of brand weapon {unknown}
 g - a scroll of noise
 i - a scroll of amnesia
 l - a scroll of fear
 m - a scroll of teleportation {unknown}
 n - a scroll of vulnerability
 r - a scroll of enchant armour
 s - a scroll of immolation
Potions
 k - a potion of flight
 u - a potion of berserk rage


   Skills:
 - Level 4.0 Fighting
 - Level 4.0 Maces & Flails
 - Level 4.0 Armour
 - Level 4.0 Dodging
 - Level 2.0 Spellcasting
 + Level 4.8 Conjurations
 + Level 5.8 Fire Magic
 - Level 6.0 Evocations


You had 5 spell levels left.
You knew the following spells:

 Your Spells              Type           Power      Damage    Failure   Level
a - Scorch                Fire           40%        2d7       3%          2
b - Sticky Flame          Conj/Fire      18%        2d4       26%         4

Your spell library contained the following spells:

 Spells                   Type           Power      Damage    Failure   Level
 Static Discharge         Conj/Air       9%         N/A       14%         2
 Apportation              Tloc           2%         N/A       24%         1
 Sandblast                Erth           2%         2d4       24%         1
 Stone Arrow              Conj/Erth      18%        3d8       26%         3
 Passwall                 Tmut/Erth      0%         N/A       36%         2
 Portal Projectile        Hex/Tloc       2%         N/A       58%         3
 Tukima's Dance           Hex            1%         N/A       58%         3
 Dispel Undead            Necr           1%         3d6       94%         4
 Alistair's Intoxication  Tmut/Pois      0%         N/A       100%        5
 Blade Hands              Tmut           0%         N/A       100%        5


Dungeon Overview and Level Annotations

Branches:
Dungeon (5/15)
 Temple: D:4-7

Altars:
Yredelemnul

Shops:
D:3 (   D:4 !

Portals:
Abyss: D:5


Innate Abilities, Weirdness & Mutations

You passively map a small area around you.
You are easily found by Zot.
You glow in the dark.
You regain HP and MP as you explore.


Message History

Casting: Scorch (safe; 3% risk of failure)
Confirm with . or Enter, or press ? or * to list all spells.
The spell is quite dangerous to miscast (30% risk of failure)!
Continue anyway?
Aiming: Sticky Flame (quite dangerous; 30% risk of failure)
Press: ? - help, Shift-Dir - straight line, f/p - small abomination
Aim: a small abomination (heavily damaged, more vulnerable to fire, 100% to hit)
The sticky flame hits the small abomination but does no damage.
The small abomination is heavily damaged.
The small abomination is covered in liquid flames!
The small abomination burns!
The small abomination hits you!
* * * LOW HITPOINT WARNING * * *
It was a potion of attraction.
You feel attractive to monsters.
The small abomination burns! x2
You destroy the small abomination!
Okay, then.
Your magical contamination has completely faded away.
e - a scroll of blinking You feel yourself speed up.
There is a transporter landing site here.
The small abomination is attracted toward you.
Things that are here:
a +1 short sword of distortion; a kobold corpse
Okay, then.
Blink to where?
Press: ? - help, Dir - move target
Okay, then.
Blink to where?
Press: ? - help, Dir - move target
As you read the scroll of blinking, it crumbles to dust.
The small abomination is attracted toward you.
The small abomination is attracted toward you.
The small abomination attacks as you move away!
The small abomination barely misses you.
You feel a little less mighty now.
The small abomination barely misses you.
There is a transporter here.
You enter the transporter and appear at another place.
The small abomination hits you!
You die...

#....##.##... ## ##)......#
##....#...##....#..*#......#..
#.....##..####.*#..##.........
#......###...###..#.##.....##.
##.......#©##...##...#....##*.
##.....##.∩#.#...#.##.....###
###.....##)#§.$...^.##.........
##......##..§####§...#......#...
#.......#.#.##x@##...##.....####
*........##!###...###©##.......#
#........###.......####......###
###.#.................÷....#.##.
#.##..........................
#*##......#........##........#
#......#..........#..##...##
##................##..#....#.
#...#...#.........###.......#


You could see a small abomination.

Vanquished Creatures
  The ghost of dolemite99 the Carver, a novice DsBe of Trog (D:5)
  A water moccasin (D:5)
  An ogre (D:5)
  A necrophage (D:4)
  A scorpion (D:5)
  A small abomination (D:5)
  A hound (D:5)
  Ijyb (D:3)
  2 iguanas
  An orc wizard (D:5)
  Robin (D:2)
  7 adders
  A shadow imp (D:5)
  A white imp (D:5)
  A worm (D:3)
  A dart slug (D:2)
  13 orcs
  4 endoplasms (D:2)
  3 giant cockroaches
  10 hobgoblins
  A jackal (D:2)
  12 kobolds
  3 quokkas
  10 ball pythons
  5 bats
  3 frilled lizards
  18 goblins
  5 rats
110 creatures vanquished.

Vanquished Creatures (others)
  9 foxfires (D:5)
9 creatures vanquished.

Grand Total: 119 creatures vanquished

Notes
Turn   | Place    | Note
-------+----------+-------------------------------------------
     0 | D:1      | mandarbmax the Meteoran Cinder Acolyte began the quest for
                  | the Orb.
     0 | D:1      | Reached XP level 1. HP: 19/19 MP: 3/3
    46 | D:1      | Found a faded altar of an unknown god.
   145 | D:1      | Reached skill level 1 in Dodging
   145 | D:1      | Reached XP level 2. HP: 26/26 MP: 5/5
   369 | D:2      | Reached XP level 3. HP: 29/33 MP: 6/6
   372 | D:2      | Learned a level 2 spell: Scorch
   398 | D:2      | Identified the +0 leather armour "Taepikeps" {+Blink rN+}
   435 | D:2      | Reached XP level 4. HP: 39/40 MP: 2/7
   525 | D:2      | Noticed Robin
   531 | D:2      | Reached skill level 1 in Armour
   540 | D:2      | Killed Robin
   658 | D:2      | Reached XP level 5. HP: 46/46 MP: 5/8
  1054 | D:3      | Noticed Ijyb
  1066 | D:3      | Killed Ijyb
  1067 | D:3      | Reached XP level 6. HP: 46/52 MP: 9/9
  1074 | D:3      | Found a basalt altar of Yredelemnul.
  1138 | D:3      | Found Tapatt's Antique Weapon Boutique.
  1325 | D:4      | Reached skill level 1 in Evocations
  1371 | D:4      | Found Ritithran's Distillery.
  1380 | D:4      | Bought a potion of berserk rage for 55 gold pieces
  1380 | D:4      | Bought a potion of might for 44 gold pieces
  1417 | D:4      | Reached skill level 2 in Evocations
  1533 | D:5      | Entered Level 5 of the Dungeon
  1553 | D:5      | Noticed an ogre
  1558 | D:5      | Reached skill level 3 in Evocations
  1558 | D:5      | Reached XP level 7. HP: 40/59 MP: 2/11
  1630 | D:5      | Reached skill level 4 in Evocations
  1640 | D:5      | Learned a level 4 spell: Sticky Flame
  1648 | D:5      | Found a transporter.
  1655 | D:5      | Found a one-way gate to the infinite horrors of the Abyss.
  1655 | D:5      | Noticed dolemite99's ghost (novice DsBe)
  1661 | D:5      | Reached skill level 5 in Evocations
  1668 | D:5      | Noticed an ancient zyme
  1669 | D:5      | Noticed a small abomination
  1675 | D:5      | Found a transporter.
  1830 | D:5      | Found the +4 dagger "Morg" {pain, Will+ Int+5}
  1870 | D:5      | Noticed a water moccasin
  1874 | D:5      | Killed a water moccasin
  1875 | D:5      | Reached skill level 1 in Conjurations
  1875 | D:5      | Reached XP level 8. HP: 65/66 MP: 5/12
  1931 | D:5      | Killed dolemite99's ghost
  1932 | D:5      | Reached skill level 5 in Fire Magic
  1932 | D:5      | Reached skill level 6 in Evocations
  1958 | D:5      | Slain by a small abomination

Illustrated notes

Levels and vault maps discovered:
D:1:      sevenhm_arrival_forest_fort_small_6, layout_basic, serial_shops,
          nicolae_shop_stone, hellmonk_ecumenical_altar_run_dry,
          grunt_decor_mini_mirrors
D:2:      minmay_chambers_of_ones, layout_basic, uniq_robin
D:3:      layout_rooms, mainiacjoe_overflow_catwalk, serial_shops, shop,
          kennysheep_generic_room_2, uniq_ijyb
D:4:      minmay_evil_eye, layout_loops_corners, serial_shops,
          nicolae_stop_n_shop_2
D:5:      layout_cave_pools, gammafunk_ghost_abyssal_escape

Skill      XL: |  1  2  3  4  5  6  7  8 |
---------------+-------------------------+-----
Dodging        | 1 2 3 4 |  4.0
Fighting       | 4 |  4.0
Armour         | 1 3 4 |  4.0
Fire Magic     | 4 5 |  5.8
Spellcasting   | 2 |  2.0
Evocations     | 3 5 6 |  6.0
Conjurations   | 1 4 |  4.8
Maces & Flails | |  4.0

Action                   |  1- 3 |  4- 6 |  7- 9 || total
-------------------------+-------+-------+-------++-------
Melee: Mace              |    39 |    46 |       ||    85
       Whip              |       |    22 |    24 ||    46
       Punch             |       |     2 |       ||     2
Throw: Dart              |       |     2 |       ||     2
 Cast: Scorch            |     6 |    69 |    20 ||    95
       Sticky Flame      |       |       |     1 ||     1
Invok: Fiery Armour      |       |     1 |     1 ||     2
       Rising Flame      |       |     1 |       ||     1
       Foxfire Swarm     |       |       |     1 ||     1
  Use: Scroll            |       |     8 |     4 ||    12
       Potion            |       |       |     7 ||     7
Armor: Robe              |     9 |       |       ||     9
       Leather armour    |     1 |    44 |     8 ||    53
Dodge: Dodged            |    20 |    59 |    19 ||    98

Table legend: (Time is in decaauts)
 A = Elapsed time spent in this place.
 B = Non-inter-level travel time spent in this place.
 C = Inter-level travel time spent in this place.
 D = Time resting spent in this place.
 E = Time spent auto-exploring this place.
 F = Levels seen in this place.
 G = Mean time per level.
                   A        B        C        D        E       F      G
               +--------+--------+--------+--------+--------+-----+--------+
         Total |   1974 |   1907 |     67 |      0 |     25 |   5 |  394.8 |
       Dungeon |   1974 |   1907 |     67 |      0 |     25 |   5 |  394.8 |
               +--------+--------+--------+--------+--------+-----+--------+

Top non-repeatable levels by time:
     D:2: 495 daAuts
     D:3: 426 daAuts
     D:5: 375 daAuts
     D:1: 346 daAuts
     D:4: 331 daAuts
